 Dungeon Crawl Stone Soup version 0.29.1-14-g9c671dbff4 (webtiles) character file.

Game seed: 7526735635227210623

3833 raph the Tainter (level 9, 0/76 HPs)
             Began as a Deep Elf Venom Mage on Feb 14, 2023.
             Was a Believer of Sif Muna.
             Succumbed to a water moccasin's poison
             ... on level 8 of the Dungeon.
             The game lasted 00:16:33 (10179 turns).

raph the Tainter (Deep Elf Venom Mage)             Turns: 10179, Time: 00:16:33

Health: 0/76       AC: 24    Str:  5    XL:     9   Next: 98%
Magic:  9/22       EV:  2    Int: 25    God:    Sif Muna [**....]
Gold:   284        SH:  0    Dex: 15    Spells: 6/23 levels left

rFire   . . .      SeeInvis .   a - +1 rapier (drain)
rCold   + . .      Faith    .   (no shield)
rNeg    . . .      Spirit   .   (body armour currently unavailable)
rPois   +          Reflect  .   (helmet currently unavailable)
rElec   .          Harm     .   (cloak currently unavailable)
rCorr   .          Rampage  .   (gloves currently unavailable)
Will    .....      NoTele   +   (boots currently unavailable)
Stlth   ++........              n - amulet of the acrobat
HPRegen 0.22/turn               h - ring of protection from cold
MPRegen 0.18/turn               (no ring)

@: lethally poisoned (0 -> -2), tree-form
A: stationary, stasis, torment immunity, boosted hp
a: Renounce Religion, Channel Magic


You were on level 8 of the Dungeon.
You worshipped Sif Muna.
Sif Muna was pleased with you.
You were a tree.
You visited 1 branch of the dungeon, and saw 8 of its levels.

You collected 284 gold pieces.

Inventory:

Hand Weapons
 a - a +1 rapier of draining (weapon)
 f - a +0 short sword
 w - a +0 longbow
Missiles
 m - a curare-tipped dart
Armour
 c - the +3 pair of gloves "Yhairoex" (melded) {Stlth+}
   (You acquired it on level 3 of the Dungeon)

   Stlth:     It makes you more stealthy.
 e - a +0 robe
 j - a +1 helmet (melded)
 r - a +0 cloak (melded)
 s - +0 steam dragon scales (melded)
Jewellery
 h - a ring of protection from cold (left branch)
 n - an amulet of the acrobat (around neck)
 u - an amulet of faith
Wands
 l - a wand of roots (10)
Scrolls
 d - 8 scrolls of identify
 p - 3 scrolls of teleportation
 q - 2 scrolls of blinking
 v - a scroll of magic mapping
Potions
 b - a potion of magic
 g - 4 potions of brilliance
 i - a potion of haste
 k - 2 potions of attraction
 o - 3 potions of flight


   Skills:
 + Level 3.2 Fighting
 + Level 4.0 Short Blades
 + Level 5.4 Dodging
 - Level 2.4 Stealth
 + Level 7.6 Spellcasting
 + Level 5.3 Conjurations
 - Level 1.1 Transmutations
 + Level 1.8 Fire Magic
 * Level 9.9 Poison Magic
 * Level 5.1 Invocations


You had 6 spell levels left.
You knew the following spells:

 Your Spells              Type           Power      Damage    Failure   Level
a - Sting                 Tmut/Pois      100%       1d8       1%          1
b - Poisonous Vapours     Pois/Air       68%        N/A       1%          2
c - Mephitic Cloud        Conj/Pois/Air  34%        N/A       2%          3
d - Olgreb's Toxic Radia  Pois           56%        N/A       1%          4
e - Ignite Poison         Fire/Tmut/Pois 30%        N/A       3%          3
f - Sticky Flame          Conj/Fire      27%        2d5       14%         4

Your spell library contained the following spells:

 Spells                   Type           Power      Damage    Failure   Level
 Conjure Flame            Conj/Fire      27%        6-21      4%          3
 Sublimation of Blood     Necr           9%         N/A       10%         2
 Gell's Gravitas          Tloc           9%         N/A       19%         3
 Lesser Beckoning         Tloc           9%         N/A       19%         3
 Teleport Other           Tloc           9%         N/A       19%         3
 Irradiate                Conj/Tmut      12%        3d15      43%         5
 Petrify                  Tmut/Erth      12%        N/A       45%         4
 Leda's Liquefaction      Hex/Erth       4%         N/A       54%         4
 Lee's Rapid Deconstruct  Erth           4%         3d6*      87%         5
 Statue Form              Tmut/Erth      8%         N/A       100%        6


Dungeon Overview and Level Annotations

Branches:
Dungeon (8/15)             Temple (0/1) D:4
   Lair: D:8-11

Altars:
Dithmenos
Fedhas
Hepliaklqana
Kikubaaqudgha
Makhleb
Sif Muna
Uskayaw
Zin


Message History

You kill the water moccasin!
Sif Muna accepts your kill.
The bullfrog hits you but does no damage.
You hit the bullfrog. You drain the bullfrog.
The bullfrog is moderately wounded.
* * * LOW HITPOINT WARNING * * *
You feel sick.
The bullfrog hits you but does no damage.
Casting: Sticky Flame (dangerous; 14% risk of failure)
Confirm with . or Enter, or press ? or * to list all spells.
You begin to radiate toxic energy.
The bullfrog is poisoned.
* * * LOW HITPOINT WARNING * * *
You feel sick.
The bullfrog hits you but does no damage.
The bullfrog hits you.
* * * LOW HITPOINT WARNING * * *
Your magical contamination has completely faded away.
You closely miss the bullfrog.
The bullfrog is heavily wounded.
Your toxic aura wanes.
* * * LOW HITPOINT WARNING * * *
You feel sick.
The bullfrog hits you but does no damage.
You barely miss the bullfrog.
The bullfrog is severely wounded.
* * * LOW HITPOINT WARNING * * *
You feel sick.
The bullfrog hits you but does no damage. x2
Okay, then.
Casting: Olgreb's Toxic Radiance (dangerous; 1% risk of failure)
Confirm with . or Enter, or press ? or * to list all spells.
Aiming: Mephitic Cloud (mildly dangerous; 2% risk of failure)
Press: ? - help, Shift-Dir - straight line, f - bullfrog
Aim: a bullfrog (severely wounded, poisoned, lightly drained, chance to affect: 86%)
The ball explodes into a vile cloud!
The stinking cloud engulfs the bullfrog but does no damage.
The bullfrog is severely wounded.
The stinking cloud engulfs the acid dragon but does no damage.
The stinking cloud engulfs you but does no damage.
You die...

#. #.# .... ..# #... #.#
#.># # ##.######..# .#
#....<.....###.# ##
#.§##.###..#... .# #.DF♣.#
#..#.# #.# #
#.§##.###....# ....
#.#..##......#.###.#.#
#.#$#F$#######.#.....#.#
#........D.###.###.###.#
#....#..###.#...........##
#)####.†###.#.#.######....
#### . ......)..†.#..#
#..## ...#
####......###.######..#


You could see an acid dragon and a bullfrog (poisoned, drained).

Vanquished Creatures
  A komodo dragon (D:8)
  Eustachio (D:6)
  A yak (D:8)
  4 steam dragons
  Menkaure (D:7)
  3 water moccasins
  A black bear (D:8)
  4 ice beasts
  2 ogres
  A centaur (D:8)
  2 kobold brigands
  A bullfrog (D:8)
  3 scorpions
  A necrophage (D:5)
  6 wights (D:7)
  4 killer bees (D:7)
  2 howler monkeys (D:4)
  2 hounds (D:6)
  A gnoll bouda (D:7)
  An orc priest (D:7)
  2 jellies (D:5)
  7 iguanas
  Terence (D:2)
  2 orc wizards (D:7)
  Robin (D:3)
  9 gnolls
  7 adders
  A white imp (D:7)
  An ufetubus (D:3)
  3 dart slugs
  10 orcs
  4 endoplasms
  A giant cockroach (D:4)
  9 goblins
  11 hobgoblins
  5 quokkas
  4 ball pythons
  3 bats
  7 frilled lizards
  14 kobolds
  4 rats
148 creatures vanquished.

Vanquished Creatures (others)
  36 fungi (D:8)
  28 plants
64 creatures vanquished.

Grand Total: 212 creatures vanquished

Notes
Turn   | Place    | Note
-------+----------+-------------------------------------------
     0 | D:1      | raph the Deep Elf Venom Mage began the quest for the Orb.
     0 | D:1      | Reached XP level 1. HP: 10/10 MP: 6/6
   668 | D:1      | Reached skill level 4 in Poison Magic
   668 | D:1      | Reached XP level 2. HP: 15/15 MP: 5/8
   760 | D:1      | Learned a level 2 spell: Poisonous Vapours
  1385 | D:2      | Noticed Terence
  1402 | D:2      | Killed Terence
  1403 | D:2      | Reached skill level 5 in Poison Magic
  1403 | D:2      | Reached XP level 3. HP: 19/19 MP: 1/9
  1407 | D:2      | Learned a level 3 spell: Mephitic Cloud
  1852 | D:2      | Found a faded altar of an unknown god.
  2053 | D:3      | Identified a scroll of acquirement
  2053 | D:3      | Acquired the +3 pair of gloves "Yhairoex" {Stlth+}
  2225 | D:3      | Found a shadowy altar of Dithmenos.
  2293 | D:3      | Reached XP level 4. HP: 14/24 MP: 7/10
  2548 | D:3      | Noticed Robin
  2563 | D:3      | Killed Robin
  3026 | D:3      | Found a blossoming altar of Fedhas.
  3035 | D:3      | Found a burning altar of Makhleb.
  3291 | D:4      | Reached skill level 6 in Poison Magic
  3291 | D:4      | Reached XP level 5. HP: 28/28 MP: 3/12
  3360 | D:4      | Learned a level 4 spell: Olgreb's Toxic Radiance
  3507 | D:4      | Found a shimmering blue altar of Sif Muna.
  3539 | D:4      | Found a glowing silver altar of Zin.
  3563 | D:4      | Became a worshipper of Sif Muna the Loreminder
  3684 | D:4      | Reached skill level 1 in Conjurations
  3919 | D:4      | Found an ancient bone altar of Kikubaaqudgha.
  4019 | D:4      | Found a staircase to the Ecumenical Temple.
  4030 | D:4      | Reached XP level 6. HP: 30/32 MP: 10/14
  4574 | D:5      | Entered Level 5 of the Dungeon
  4662 | D:5      | Reached skill level 7 in Poison Magic
  4985 | D:5      | Reached skill level 5 in Spellcasting
  5007 | D:5      | Reached * piety under Sif Muna
  5382 | D:5      | Learned a level 3 spell: Ignite Poison
  5427 | D:5      | Reached XP level 7. HP: 28/36 MP: 6/16
  5573 | D:5      | Found a hazy altar of Hepliaklqana.
  6173 | D:5      | Reached skill level 1 in Short Blades
  6303 | D:5      | Reached skill level 1 in Fighting
  6461 | D:5      | Reached skill level 8 in Poison Magic
  7072 | D:6      | Noticed Eustachio
  7077 | D:6      | Killed Eustachio
  7078 | D:6      | Reached XP level 8. HP: 43/43 MP: 7/18
  7678 | D:6      | Found a hide-covered altar of Uskayaw.
  7809 | D:7      | Reached skill level 1 in Invocations
  8431 | D:7      | Reached skill level 9 in Poison Magic
  8431 | D:7      | Reached XP level 9. HP: 36/49 MP: 10/21
  8436 | D:7      | Learned a level 4 spell: Sticky Flame
  8635 | D:7      | Noticed Menkaure
  8654 | D:7      | Killed Menkaure
  8837 | D:7      | Reached ** piety under Sif Muna
  9994 | D:8      | Reached skill level 5 in Dodging
  9994 | D:8      | Reached skill level 5 in Conjurations
 10014 | D:8      | Reached skill level 1 in Fire Magic
 10125 | D:8      | Noticed a komodo dragon
 10134 | D:8      | Killed a komodo dragon
 10135 | D:8      | Reached skill level 5 in Invocations
 10176 | D:8      | HP: 3/76 [bullfrog (2)]
 10178 | D:8      | HP: 1/76 [poisoned by a water moccasin]
 10179 | D:8      | Succumbed to a water moccasin's poison

Illustrated notes

Levels and vault maps discovered:
D:1:      scummos_arrival_forest, layout_loops_ring, serial_bayou_pond_c,
          minmay_stone_trees_small, minmay_splitting_lines
D:2:      layout_loops_ring, basic_ecumenical_altar, uniq_terence
D:3:      layout_basic, nicolae_dithmenos_through_a_glass_darkly,
          grunt_temple_overflow_open, nicolae_figureground_sparkle, uniq_robin
D:4:      layout_gridville, mainiacjoe_overflow_catwalk_spiral,
          kiku_gazebo_garden_becter, minmay_temple_entry_glass,
          minmay_lizard_king
D:5:      layout_basic, nicolae_hepliaklqana_hazy_memory, minmay_puff
D:6:      layout_basic, kennysheep_little_box, uniq_eustachio
D:7:      layout_basic, uniq_menkaure
D:8:      layout_loops_ring, nemelex_diamond_rough_becter, lemuel_tele_altar,
          due_lair_maze_entry_diamond, serial_shops, nicolae_shop_behind_doors,
          grunt_ministairs_15

Skill      XL: |  1  2  3  4  5  6  7  8  9 |
---------------+----------------------------+-----
Poison Magic   | 4 5 6 7 8 9 |  9.9
Spellcasting   | 4 5 6 7 |  7.6
Conjurations   | 1 2 3 4 5 |  5.3
Short Blades   | 1 3 4 |  4.0
Dodging        | 3 4 5 |  5.4
Fighting       | 1 2 3 |  3.2
Invocations    | 3 5 |  5.1
Fire Magic     | 1 |  1.8
Stealth        | |  2.4
Transmutations | |  1.1

Action                   |  1- 3 |  4- 6 |  7- 9 || total
-------------------------+-------+-------+-------++-------
Melee: Short sword       |     3 |       |       ||     3
       Rapier            |    12 |    49 |    72 ||   133
       Punch             |       |       |     2 ||     2
 Cast: Sting             |    38 |    40 |     5 ||    83
       Poisonous Vapours |    11 |    34 |     2 ||    47
       Olgreb's Toxic Ra |       |    12 |    34 ||    46
       Mephitic Cloud    |       |     2 |    25 ||    27
       Ignite Poison     |       |     1 |    22 ||    23
       Sticky Flame      |       |       |     3 ||     3
Invok: Channel Magic     |       |       |     2 ||     2
  Use: Scroll            |     6 |     6 |     4 ||    16
       Potion            |       |       |     1 ||     1
 Stab: Sleeping          |       |     1 |     4 ||     5
Armor: Robe              |    12 |    20 |    12 ||    44
       Steam dragon scal |       |       |    19 ||    19
       Skin              |       |       |     6 ||     6
Dodge: Dodged            |    35 |    42 |    82 ||   159
